 Dungeon Crawl Stone Soup version 0.20-a0-465-g6513c8f (webtiles) character file.

464 Asddderdsw the Gusty (level 6, 0/48 HPs)
             Began as a Draconian Air Elementalist on Jan 11, 2017.
             Killed from afar by Asddderdsw's ghost (9 damage)
             ... with a magic dart
             ... on level 6 of the Dungeon.
             The game lasted 01:02:38 (4181 turns).

Asddderdsw the Gusty (Draconian Air Elementalist)   Turns: 4181, Time: 01:02:39

Health: 0/48       AC:  8    Str: 10 (11) XL:     6   Next: 80%
Magic:  0/10       EV: 13    Int: 15 (17) God:
Gold:   204        SH:  0    Dex: 10 (11) Spells: 3/11 levels left

rFire  . . .     SeeInvis .     w - +4 dagger
rCold  . . .     Gourm    .     (armour unavailable)
rNeg   . . .     Faith    .     (no shield)
rPois  .         Spirit   .     (helmet restricted)
rElec  .         Reflect  .     j - +1 cloak
rCorr  +         Harm     .     (no gloves)
MR     .....                    (no boots)
Stlth  ++........               (no amulet)
                                (no ring)
                                r - ring of resist corrosion

@: very slightly contaminated, repel missiles
A: unfitting armour, cold-blooded, AC +6
a: no special abilities


You were on level 6 of the Dungeon.
You were hungry.

You visited 2 branches of the dungeon, and saw 9 of its levels.

You collected 204 gold pieces.

Inventory:

Hand Weapons
 d - a +0 rapier
 e - a +0 morningstar
 k - a +0 trident
 o - a +3 dagger
 v - a +0 flail
 w - a +4 dagger (weapon)
 y - a +0 war axe
Missiles
 c - 179 stones (quivered)
 i - 47 bolts
 m - 19 arrows
 q - 10 sling bullets
 t - 11 poisoned needles
 u - 8 silver tomahawks
 x - 5 tomahawks
 A - 5 steel tomahawks
Armour
 j - a +1 cloak (worn)
Jewellery
 r - a ring of resist corrosion (left hand)
Wands
 z - a wand of random effects (3/48)
Scrolls
 g - a scroll of enchant weapon {unknown}
 n - a scroll of identify
 s - 2 scrolls of remove curse
 B - a scroll of recharging {unknown}
Potions
 f - a potion of cancellation
 l - 3 potions of flight
Books
 a - a book of Air

   Spells                             Type                      Level
   a - Shock                          Conjuration/Air              1
   b - Swiftness                      Charms/Air                   2
   c - Repel Missiles                 Charms/Air                   2
   d - Static Discharge               Conjuration/Air              3
   e - Lightning Bolt                 Conjuration/Air              5
Comestibles
 b - 3 bread rations
 h - a beef jerky


   Skills:
 + Level 2.0 Fighting
 + Level 2.4 Short Blades
 + Level 0.2 Axes
 + Level 3.4 Dodging
 + Level 2.1 Stealth
 + Level 3.0 Spellcasting
 + Level 2.5 Conjurations
 + Level 0.1 Charms
 + Level 4.5 Air Magic


You had 3 spell levels left.
You knew the following spells:

 Your Spells              Type           Power        Failure   Level  Hunger
a - Shock                 Conj/Air       ##..         6%          1    #......
b - Swiftness             Chrm/Air       #.......     12%         2    ##.....
c - Repel Missiles        Chrm/Air       #.....       12%         2    ##.....
d - Static Discharge      Conj/Air       ##......     17%         3    ###....


Dungeon Overview and Level Annotations

Branches:
Dungeon (8/15)             Temple (1/1) D:4
   Lair: D:8-11

Altars:
Ashenzari
Cheibriados
Dithmenos
Elyvilon
Fedhas
Gozag
Kikubaaqudgha
Makhleb
Nemelex Xobeh
Okawaru
Qazlal
Ru
Sif Muna
Trog
Uskayaw
Vehumet
Yredelemnul
Zin
The Shining One

Annotations:
D:4 Menkaure
D:5 Edmund
D:6 Asddderdsw's ghost, amateur DrCj


Innate Abilities, Weirdness & Mutations

Your plain brown scales are hard. (AC +6)
You cannot fit into any form of body armour.
You are cold-blooded and may be slowed by cold attacks.


Message History

Asddderdsw's ghost points at you and mumbles some strange words.
The magic dart hits you!
You hit Asddderdsw's ghost but do no damage.
Asddderdsw's ghost is lightly damaged.
Asddderdsw's ghost hits you.
Okay, then.
Asddderdsw's ghost casts a spell at you.
The magic dart hits you!
* * * LOW HITPOINT WARNING * * *
Casting: Repel Missiles
Confirm with . or Enter, or press ? or * to list all spells.
You don't have enough magic to cast that spell.
Casting: Repel Missiles
Confirm with . or Enter, or press ? or * to list all spells.
You miscast Swiftness.
You are very lightly contaminated with residual magic.
You feel electric! Asddderdsw's ghost misses you.
Asddderdsw's ghost casts a spell at you.
The magic dart hits you!
You die...

#.....#.......'......
#.....#.......#.....#
#.... #.......# ....#
#.....####'##### ....
............# ...
###.........# ..
#.....W...# #
..'.........+
..#......@..# #
#..$......#
...........#
...........#
...........#
.$........#
..........#
..........#


You could see Asddderdsw's ghost.

Vanquished Creatures
  Eustachio (D:3)
  A howler monkey (D:7)
  A crimson imp (D:6)
  An orc priest (D:4)
  A centaur skeleton (D:4)
  A worker ant (D:4)
  7 adders
  An ooze (D:3)
  A worm (D:2)
  2 dart slugs
  2 leopard geckos
  17 orcs
  8 giant cockroaches
  8 goblins
  3 hobgoblins
  7 jackals
  A quokka (D:4)
  3 ball pythons
  10 bats
  3 frilled lizards
  7 kobolds
  10 rats
96 creatures vanquished.

Notes
Turn   | Place    | Note
-------+----------+-------------------------------------------
     0 | D:1      | Asddderdsw the Draconian Air Elementalist began the quest for the Orb.
     0 | D:1      | Reached XP level 1. HP: 14/14 MP: 3/3
   276 | D:1      | Reached XP level 2. HP: 17/20 MP: 1/5
   597 | D:2      | Found a bloodstained altar of Trog.
   750 | D:2      | Reached XP level 3. HP: 26/26 MP: 3/6
  1390 | D:3      | Reached skill level 4 in Air Magic
  1545 | D:3      | Reached XP level 4. HP: 31/33 MP: 5/7
  1685 | D:4      | Noticed Eustachio
  1829 | D:3      | Reached skill level 1 in Short Blades
  2111 | D:3      | Noticed a sky beast
  2357 | D:3      | Found a deep blue altar of Sif Muna.
  2506 | D:4      | Found a sacrificial altar of Ru.
  2577 | D:3      | Killed Eustachio
  2577 | D:3      | Reached skill level 1 in Fighting
  2577 | D:3      | Reached XP level 5. HP: 34/40 MP: 2/9
  2815 | D:4      | Learned a level 2 spell: Swiftness
  2818 | D:4      | Learned a level 2 spell: Repel Missiles
  2938 | D:4      | Found a staircase to the Ecumenical Temple.
  2947 | D:4      | Reached XP level 6. HP: 29/47 MP: 2/10
  2964 | Temple   | Entered the Ecumenical Temple
  3144 | D:5      | Entered Level 5 of the Dungeon
  3156 | D:5      | Noticed Edmund
  3206 | D:4      | Found an opulent altar of Gozag.
  3208 | D:4      | Found a sparkling altar of Nemelex Xobeh.
  3436 | D:4      | Noticed Menkaure
  3592 | D:4      | Found a shadowy altar of Dithmenos.
  3833 | D:4      | Learned a level 3 spell: Static Discharge
  3961 | D:5      | You fall through a shaft for 3 floors!
  3996 | D:7      | You fall through a shaft!
  4020 | D:8      | Noticed a sky beast
  4170 | D:6      | Noticed Asddderdsw's ghost (amateur DrCj)
  4181 | D:6      | Killed from afar by Asddderdsw's ghost

Vault maps used:
D:1:      zaba_arrival_water
D:2:      lemuel_coloured_pillars_altar
D:3:      cheibrodos_helix_gallery, marbit_many_paths
D:4:      grunt_temple_overflow_opulence, overflow_temple_1_default,
          nicolae_ru_awakened_eye, uniq_menkaure, uniq_eustachio
D:5:      first_bread, uniq_edmund
D:6:      regret_index_temple_of_mockery, minmay_misc_feat_more_columns,
          kennysheep_generic_room_7
D:7:      the_bakery, kennysheep_generic_room_8
D:8:      minmay_statue_hallways, serial_shops, shop, shop, shop,
          kennysheep_mini
Temple:   nicolae_temple_god_jail

Skill      XL: |  1  2  3  4  5  6 |
---------------+-------------------+-----
Dodging        | 2 3 |  3.4
Air Magic      | 4 |  4.5
Conjurations   | 2 |  2.5
Short Blades   | 1 2 |  2.4
Fighting       | 1 2 |  2.0
Stealth        | 2 |  2.1
Spellcasting   | 3 |  3.0
Axes           | |  0.2
Charms         | |  0.1

Action                   |  1- 3 |  4- 6 || total
-------------------------+-------+-------++-------
Melee: Hand axe          |     5 |       ||     5
       Dagger            |    43 |   129 ||   172
       Short sword       |    12 |       ||    12
       Tailslap          |     4 |    15 ||    19
       Trident           |       |     9 ||     9
Throw: Stone             |     1 |       ||     1
 Cast: Shock             |    55 |    80 ||   135
       Swiftness         |       |     9 ||     9
       Repel Missiles    |       |     1 ||     1
  Use: Scroll            |     3 |     8 ||    11
       Potion            |       |     7 ||     7
  Eat: Chunk             |     3 |     6 ||     9
       Pizza             |       |     1 ||     1
       Beef jerky        |       |     1 ||     1
Armor: Skin              |    33 |    93 ||   126
Dodge: Dodged            |    52 |   161 ||   213
